 Dungeon Crawl Stone Soup version 0.27.1-3-gb3d3a73c9e (webtiles) character file.

Game seed: 5840786235492964123

844 Elvor the Conjurer (level 7, -3/36 HPs)
             Began as a Deep Elf Conjurer on Oct 11, 2021.
             Was an Initiate of Vehumet.
             Slain by an orc warrior (9 damage)
             ... on level 5 of the Dungeon.
             The game lasted 00:35:29 (3942 turns).

Elvor the Conjurer (Deep Elf Conjurer)              Turns: 3942, Time: 00:35:29

Health: -3/36      AC:  7    Str:  4    XL:     7   Next: 68%
Magic:  9/19       EV: 12    Int: 25    God:    Vehumet [......]
Gold:   173        SH:  0    Dex: 17    Spells: 17/20 levels left

rFire    . . .     SeeInvis +   n - staff of conjuration
rCold    . . .     Faith    .   (no shield)
rNeg     . . .     Spirit   .   s - +0 leather armour
rPois    .         Reflect  .   (no helmet)
rElec    .         Harm     .   (no cloak)
rCorr    .         Rampage  .   q - +0 pair of gloves
Will     .....                  j - +2 pair of boots
Stlth    ++........             (no amulet)
HPRegen  0.12/turn              k - ring of see invisible
MPRegen  0.16/turn              B - ring "Burav" {Drain Dex+4 SInv}

@: no status effects
A: no striking features
a: Renounce Religion


You were on level 5 of the Dungeon.
You worshipped Vehumet.
Vehumet was noncommittal.
You visited 2 branches of the dungeon, and saw 6 of its levels.

You collected 173 gold pieces.

Inventory:

Hand Weapons
 u - a +1 short sword of venom
 z - the +1 whip "Adadar" {vamp, Int+2}
   (You found it on level 4 of the Dungeon)

   It occasionally heals its wielder for a portion of the damage dealt when it
   wounds a living foe.
   Int:       It affects your intelligence (+2).
 A - a +0 hunting sling
Missiles
 c - 131 stones
 m - 27 sling bullets
 t - 2 boomerangs of dispersal
 y - 13 poisoned darts (quivered)
 E - 3 boomerangs
Armour
 j - a +2 pair of boots (worn)
 q - a +0 pair of gloves (worn)
 s - a +0 leather armour (worn)
Magical Staves
 n - a staff of conjuration (weapon)
 p - a staff of cold
Jewellery
 k - a ring of see invisible (left hand)
 o - a ring of fire
 B - the ring "Burav" (right hand) {Drain Dex+4 SInv}
   (You found it on level 4 of the Dungeon)

   [ring of see invisible]

   Dex:       It affects your dexterity (+4).
   SInv:      It lets you see invisible.
   Drain:     It drains your maximum health when unequipped.
Wands
 a - a wand of flame (5)
Scrolls
 b - 3 scrolls of immolation
 e - a scroll of vulnerability {unknown}
 f - 2 scrolls of amnesia {unknown}
 g - 2 scrolls of identify {unknown}
 h - a scroll of teleportation {unknown}
 l - 2 scrolls of blinking
 r - a scroll of fear {unknown}
 w - a scroll of enchant weapon {unknown}
 x - a scroll of summoning {unknown}
 C - a scroll of acquirement {unknown}
Potions
 d - 3 potions of curing
 i - a potion of cancellation {unknown}
 v - a potion of attraction {unknown}
 D - a potion of might {unknown}


   Skills:
 + Level 0.2 Fighting
 + Level 1.2 Short Blades
 + Level 0.1 Staves
 + Level 0.6 Throwing
 + Level 1.8 Armour
 + Level 2.9 Dodging
 + Level 3.8 Stealth
 + Level 7.1 Spellcasting
 + Level 7.6 Conjurations
 + Level 0.1 Evocations


You had 17 spell levels left.
You knew the following spells:

 Your Spells              Type           Power      Damage    Failure   Level
a - Magic Dart            Conj           100%       1d8       1%          1
b - Searing Ray           Conj           100%       3d7       1%          2

Your spell library contained the following spells:

 Spells                   Type           Power      Damage    Failure   Level
 Dazzling Flash           Conj/Hex       82%        N/A       7%          3
 Fulminant Prism          Conj/Hex       20%        3d13      24%         4
 Iskenderun's Mystic Bla  Conj/Tloc      41%        2d9       24%         4


Dungeon Overview and Level Annotations

Branches:
Dungeon (5/15)             Temple (1/1) D:4

Altars:
Ashenzari
Cheibriados
Dithmenos
Elyvilon
Fedhas
Gozag
Hepliaklqana
Kikubaaqudgha
Makhleb
Nemelex Xobeh
Okawaru
Qazlal
Sif Muna
Trog
Vehumet
Wu Jian
Xom
Yredelemnul
Zin
The Shining One

Annotations:
D:4 2 transporters, PanSaczeczos's ghost, amateur DsVM


Message History

The searing ray hits the adder zombie.
The adder zombie is moderately damaged.
The searing ray hits the adder zombie!
The adder zombie is almost destroyed.
The searing ray hits the orc warrior!
The orc warrior is moderately wounded.
The adder zombie barely misses you.
The searing ray hits the adder zombie!
You destroy the adder zombie!
Vehumet accepts your kill.
The searing ray hits the orc warrior.
The orc warrior is heavily wounded.
You finish channeling your searing ray.
The orc warrior hits you from afar with a +0 trident!
Throw: 14 darts (poison)
Press: ? - help, Q - select action, (/) - cycle Shift-Dir - straight line, f - orc warrior
Aim: an orc warrior, wielding a +0 trident and wearing a +0 chain mail (heavily wounded, 55% to hit)
You throw a poisoned dart. The poisoned dart hits the orc warrior.
The orc warrior is poisoned.
The orc warrior is heavily wounded.
The orc warrior hits you from afar with a +0 trident!
* * * LOW HITPOINT WARNING * * *
Things that are here:
a +0 whip; a +0 ring mail; an orc corpse You see here a +0 club.
Things that are here:
a +0 shortbow; 31 arrows; a centaur corpse You see here a quokka corpse.
There is an open door here.
There is an open door here.
Casting: Searing Ray (safe; 1% risk of failure)
Confirm with . or Enter, or press ? or * to list all spells.
You don't know that spell.
Unknown command.
Unknown command.
Unknown command.
You close the door.
An orc warrior opens the door.
There is a stone staircase leading up here.
The orc warrior hits you from afar with a +0 trident!
You die...

#.####..#.88.#.....###.#####.#
##....###.88.####...##.#####.#
########....# #..........##.#
#......#'#### ##...##.##.##.#
#...).....#.# ##.###.......#
##...#.......# ### ####..###
#..........######## ####.##
####.....#...###.....# #.....#
>........#...###@....# #.....#
..............o......# #.....#
.....###.#.#####.....# #.....#
####.......# #.....# #.<...#
#####)### ####### ###.### #)#
#.# #.# #.# #.########
#########.# #######.##.....#
#.........#


You could see an orc warrior.

Vanquished Creatures
  An ice beast (D:3)
  A sky beast (D:5)
  A centaur (D:5)
  An ogre (D:4)
  A phantom (D:5)
  A gnoll sergeant (D:5)
  A scorpion (D:4)
  A bullfrog zombie (D:5)
  An iguana (D:5)
  An orc wizard (D:3)
  A hound skeleton (D:4)
  A howler monkey zombie (D:5)
  3 gnolls (D:5)
  6 adders
  An adder zombie (D:5)
  3 worms
  2 dart slugs
  16 orcs
  8 ball pythons
  6 bats
  4 endoplasms
  3 giant cockroaches
  9 hobgoblins
  4 jackals
  5 quokkas
  4 frilled lizards
  5 goblins
  9 kobolds
  3 rats (D:1)
103 creatures vanquished.

Notes
Turn   | Place    | Note
-------+----------+-------------------------------------------
     0 | D:1      | Elvor the Deep Elf Conjurer began the quest for the Orb.
     0 | D:1      | Reached XP level 1. HP: 10/10 MP: 6/6
   131 | D:1      | Reached XP level 2. HP: 15/15 MP: 4/8
   134 | D:1      | Learned a level 2 spell: Searing Ray
   412 | D:1      | Noticed a great orb of eyes
   416 | D:1      | Noticed an eye of devastation
   418 | D:1      | Found a faded altar of an unknown god.
   422 | D:1      | Noticed a great orb of eyes
   425 | D:1      | Reached skill level 5 in Conjurations
   427 | D:1      | Noticed a shining eye
   731 | D:1      | Reached XP level 3. HP: 19/19 MP: 5/9
  1330 | D:2      | Reached XP level 4. HP: 15/24 MP: 1/12
  2253 | D:3      | Reached XP level 5. HP: 28/28 MP: 5/14
  2311 | D:3      | Found a radiant altar of Vehumet.
  2320 | D:3      | Became a worshipper of Vehumet
  2379 | D:3      | Found a snail-covered altar of Cheibriados.
  2410 | D:3      | Noticed an ice beast
  2417 | D:3      | Killed an ice beast
  2418 | D:3      | Reached skill level 5 in Spellcasting
  2730 | D:4      | Reached XP level 6. HP: 32/32 MP: 12/16
  2732 | D:4      | Found a stormy altar of Qazlal.
  2921 | D:4      | Noticed PanSaczeczos's ghost (amateur DsVM)
  2963 | D:4      | Found a transporter.
  2963 | D:4      | Found a transporter.
  3126 | D:4      | Identified the +1 whip "Adadar" {vamp, Int+2}
  3220 | D:4      | Identified the ring "Burav" {Drain Dex+4 SInv}
  3267 | D:4      | Found a staircase to the Ecumenical Temple.
  3276 | Temple   | Entered the Ecumenical Temple
  3587 | D:5      | Entered Level 5 of the Dungeon
  3622 | D:5      | Noticed a sky beast
  3627 | D:5      | Killed a sky beast
  3628 | D:5      | Reached skill level 1 in Armour
  3628 | D:5      | Reached XP level 7. HP: 36/36 MP: 12/18
  3769 | D:5      | Found a shimmering blue altar of Sif Muna.
  3887 | D:5      | Reached skill level 1 in Short Blades
  3942 | D:5      | Slain by an orc warrior

Illustrated notes

Levels and vault maps discovered:
D:1:      minmay_arrival_stair_chambers, layout_loops_corners,
          hellmonk_ecumenical_altar_watching_god, minmay_unequal
D:2:      layout_basic
D:3:      wad_crossroads, layout_loops_ring, vehumet_altar_wand_db, slow_altar_1
D:4:      layout_loops_ring, nicolae_qazlal_general_emergency,
          lemuel_temple_firewalk_a, gammafunk_ghost_arena,
          amcnicky_mini_pool_small, solitary_fountain, minmay_checkerbox
D:5:      minmay_chambers_of_fours, layout_loops_cross, lemuel_round_altar
Temple:   regret_index_temple_sphere_string

Skill      XL: |  1  2  3  4  5  6  7 |
---------------+----------------------+-----
Conjurations   | 5 6 7 |  7.6
Spellcasting   | 4 5 6 7 |  7.1
Stealth        | 3 |  3.8
Armour         | 1 |  1.8
Short Blades   | 1 |  1.2
Fighting       | |  0.2
Staves         | |  0.1
Throwing       | |  0.6
Dodging        | |  2.9
Evocations     | |  0.1

Action                   |  1- 3 |  4- 6 |  7- 9 || total
-------------------------+-------+-------+-------++-------
Melee: Short sword       |     2 |     8 |       ||    10
       Staff             |     4 |       |       ||     4
Throw: Dart              |       |     3 |     4 ||     7
 Cast: Magic Dart        |    73 |    62 |     3 ||   138
       Searing Ray       |     2 |    10 |    10 ||    22
Evoke: Wand              |       |     1 |       ||     1
  Use: Scroll            |       |       |     2 ||     2
       Potion            |       |       |     1 ||     1
Armor: Robe              |     8 |       |       ||     8
       Leather armour    |       |     1 |     2 ||     3
Dodge: Dodged            |    18 |     8 |     5 ||    31
